 Dungeon Crawl Stone Soup version 0.27-a0-1280-g9d2d252d84 (webtiles) character file.

Game seed: 16586076310847687446

129 MordorOrchid the Magician (level 5, -1/38 HPs)
             Began as a Djinni Earth Elementalist on June 13, 2021.
             Slain by an orc (4 damage)
             ... on level 3 of the Dungeon.
             The game lasted 00:04:08 (2141 turns).

MordorOrchid the Magician (DjEE)                    Turns: 2141, Time: 00:04:09

Health: -1/38      AC:  2    Str:  7    XL:     5   Next: 35%
Gold:   45         EV: 12    Int: 18    God:
                   SH:  0    Dex: 13

rFire    + + .     SeeInvis .   g - +0 short sword
rCold    x . .     Faith    .   (no shield)
rNeg     . . .     Spirit   .   c - +0 robe
rPois    ∞         Reflect  .   (no helmet)
rElec    .         Harm     .   (no cloak)
rCorr    .         Rampage  .   (no gloves)
Will     .....                  (boots unavailable)
Stlth    ++........             (no amulet)
HPRegen  0.12/turn              (no ring)
MPRegen  0.00/turn              (no ring)

@: flying
A: sickness immunity, fire resistance 2, cold vulnerability 1, float, innate
caster, hp casting, extra vitality 1
a: no special abilities


You were on level 3 of the Dungeon.
You visited 1 branch of the dungeon, and saw 3 of its levels.

You collected 45 gold pieces.

Inventory:

Hand Weapons
 g - a +0 short sword (weapon)
 l - a +0 whip of venom
Missiles
 b - 26 stones
 f - 29 poisoned darts (quivered)
 k - 8 javelins
Armour
 c - a +0 robe (worn)
Jewellery
 o - a +6 ring of strength
Wands
 i - a wand of digging (5)
 n - a wand of polymorph (10)
Scrolls
 a - 2 scrolls of fog
 h - a scroll of identify {unknown}
 m - a scroll of fear {unknown}
Potions
 d - a potion of cancellation {unknown}
 e - a potion of brilliance {unknown}
 j - a potion of flight {unknown}


   Skills:
 * Level 1.6 Fighting
 * Level 2.9 Dodging
 * Level 2.4 Stealth
 + Level 3.4 Spellcasting


You couldn't memorise any spells.
You knew the following spells:

 Your Spells              Type           Power      Damage    Failure   Level
a - Sandblast             Erth           30%        2d9       3%          1
b - Slow                  Hex            15%        N/A       5%          2
c - Summon Small Mammal   Summ           60%        N/A       3%          1
d - Petrify               Tmut/Erth      15%        N/A       36%         4
f - Stone Arrow           Conj/Erth      30%        3d8       11%         3
v - Lee's Rapid Deconstr  Erth           7%         3d8*      71%         5
w - Passwall              Tmut/Erth      12%        N/A       5%          2
Your spell library was empty.

Dungeon Overview and Level Annotations

Branches:
Dungeon (3/15)

Altars:


Innate Abilities, Weirdness & Mutations

You are immune to sickness and miasma.
You are immune to poison.
Your flesh is very heat resistant. (rF++)
You are vulnerable to cold. (rC-)
You float through the air rather than walking.
You learn spells naturally, not from books.
Your magical power is your life essence.
You have superior vitality. (+4 HP)


Message History

b - 29 stones
* * * LOW HITPOINT WARNING * * *
The orc closely misses you. The orc barely misses you.
The bat hits you but does no damage.
Unknown command.
Casting: Sandblast (safe; 3% risk of failure)
Confirm with . or Enter, or press ? or * to list all spells.
Aiming: Sandblast (safe; 3% risk of failure)
Press: ? - help, Shift-Dir - straight line, f/p - orc
Aim: an orc, wielding a +0 flail of draining and wearing a +0 scale mail (heavily wounded, 82% to hit)
The blast of sand hits the orc.
The orc is almost dead.
b - 28 stones
* * * LOW HITPOINT WARNING * * *
The bat hits you but does no damage. The bat closely misses you.
The orc misses you.
Unknown command.
Casting: Sandblast (safe; 3% risk of failure)
Confirm with . or Enter, or press ? or * to list all spells.
Aiming: Sandblast (safe; 3% risk of failure)
Press: ? - help, Shift-Dir - straight line, f/p - orc
Aim: an orc, wielding a +0 flail of draining and wearing a +0 scale mail (almost dead, 82% to hit)
The blast of sand hits the orc.
You kill the orc!
b - 27 stones
* * * LOW HITPOINT WARNING * * *
The bat hits you but does no damage.
The orc hits you from afar with a +0 trident.
* * * LOW HITPOINT WARNING * * *
Casting: Sandblast (safe; 3% risk of failure)
Confirm with . or Enter, or press ? or * to list all spells.
Aiming: Sandblast (safe; 3% risk of failure)
Press: ? - help, Shift-Dir - straight line, f - bat
Aim: a bat (severely wounded, 69% to hit)
The blast of sand hits the bat!
You kill the bat!
b - 26 stones
* * * LOW HITPOINT WARNING * * *
The orc hits you from afar with a +0 trident.
You die...

....####......#
.....###......#
..............#
........#######
...####.########
. #..........#
#..........#
#..........#
#...)@.....#
##..#.######
#.##o#
......o..#
.........#
#........#
..........#
.#........#
#........#


You could see 2 orcs.

Vanquished Creatures
  Jessica (D:2)
  Terence (D:2)
  An orc wizard (D:3)
  A worm (D:2)
  An orc (D:3)
  5 ball pythons
  3 endoplasms
  3 giant cockroaches
  5 hobgoblins
  7 jackals
  2 quokkas
  6 bats
  8 frilled lizards
  4 kobolds
  2 rats (D:1)
50 creatures vanquished.

Notes
Turn   | Place    | Note
-------+----------+-------------------------------------------
     0 | D:1      | MordorOrchid the Djinni Earth Elementalist began the quest
                  | for the Orb.
     0 | D:1      | Reached XP level 1. HP: 15/15 MP: 0/0
   273 | D:1      | Reached XP level 2. HP: 20/21 MP: 0/0
   501 | D:1      | Reached XP level 3. HP: 15/26 MP: 0/0
   501 | D:1      | Learned a level 1 spell: Summon Small Mammal
   884 | D:1      | Reached skill level 1 in Fighting
  1251 | D:2      | Reached skill level 3 in Spellcasting
  1694 | D:2      | Noticed Jessica
  1708 | D:2      | Killed Jessica
  1709 | D:2      | Reached XP level 4. HP: 31/32 MP: 0/0
  1958 | D:2      | Noticed Terence
  1970 | D:2      | Killed Terence
  1971 | D:2      | Reached XP level 5. HP: 37/37 MP: 0/0
  1971 | D:2      | Learned a level 2 spell: Slow
  2141 | D:3      | Slain by an orc

Illustrated notes

Levels and vault maps discovered:
D:1:      minmay_arrival_shattered_statue, layout_basic, corexii_hall_statues_i,
          minmay_split_cup_small
D:2:      layout_rooms, uniq_jessica, uniq_terence
D:3:      layout_rooms, general_overflow_altar, serial_forest,
          infiniplex_forest_lined_room_3, infiniplex_forest_diagonal,
          infiniplex_forest_end_2, infiniplex_forest_clump_small,
          infiniplex_forest_zigzag_2, due_unseen_surprise

Skill      XL: |  1  2  3 |
---------------+----------+-----
Fighting       | 1 |  1.6
Stealth        | 2 |  2.4
Spellcasting   | 3 |  3.4
Dodging        | |  2.9

Action                   |  1- 3 |  4- 6 || total
-------------------------+-------+-------++-------
Melee: Unarmed           |     1 |       ||     1
       Short sword       |    27 |    10 ||    37
Throw: Dart              |       |    13 ||    13
 Cast: Sandblast         |    52 |    15 ||    67
  Use: Scroll            |       |     1 ||     1
 Stab: Sleeping          |     2 |     1 ||     3
Armor: Robe              |    10 |    13 ||    23
Dodge: Dodged            |    39 |    17 ||    56

Table legend: (Time is in decaauts)
 A = Elapsed time spent in this place.
 B = Non-inter-level travel time spent in this place.
 C = Inter-level travel time spent in this place.
 D = Time resting spent in this place.
 E = Time spent auto-exploring this place.
 F = Levels seen in this place.
 G = Mean time per level.
                   A        B        C        D        E       F      G
               +--------+--------+--------+--------+--------+-----+--------+
         Total |   2144 |   2123 |     21 |    225 |   1623 |   3 |  714.7 |
       Dungeon |   2144 |   2123 |     21 |    225 |   1623 |   3 |  714.7 |
               +--------+--------+--------+--------+--------+-----+--------+

Top non-repeatable levels by time:
     D:1: 1406 daAuts
     D:2: 704 daAuts
     D:3: 34 daAuts
